 Dungeon Crawl Stone Soup version 0.18.1-48-g4cf74bf (webtiles) character file.

2340 Joat the Ducker (level 9, 0/62 HPs)
             Began as an Octopode Transmuter on Aug 26, 2016.
             Was a Follower of Vehumet.
             Slain by an orc warrior
             ... wielding a +0 short sword
              (21 damage)
             ... on level 6 of the Dungeon.
             The game lasted 00:46:16 (8779 turns).

Joat the Ducker (Octopode Transmuter)               Turns: 8779, Time: 00:46:18

Health: 0/62       AC:  1    Str:  8 (9)  XL:     9   Next: 43%
Magic:  14/14      EV: 15    Int: 14 (15) God:    Vehumet [*.....]
Gold:   381        SH:  3    Dex: 14      Spells: 3 memorised, 7 levels left

rFire  . . .     SeeInvis .     H - +9 flail (holy)
rCold  . . .     Gourm    .     (no shield)
rNeg   . . .     Faith    .     (helmet restricted)
rPois  .         Spirit   .     j - +3 amulet of reflection
rElec  .         Dismiss  .     D - ring of loudness (curse)
rCorr  .         Reflect  +     (no ring)
SustAt .         Harm     .     (no ring)
MR     .....                    (no ring)
Stlth  +.........               (no ring)
                                (no ring)
                                (no ring)
                                (no ring)

@: not resistant to hostile enchantments, very unstealthy
A: almost no armour, amphibious, 8 rings, constrict 8, camouflage 1,
deterioration 1, dopey 1, gelatinous body 1
a: Renounce Religion


You were on level 6 of the Dungeon.
You worshipped Vehumet.
Vehumet was aware of your devotion.
You were not hungry.

You visited 2 branches of the dungeon, and saw 7 of its levels.
You also visited: Sewer.

You collected 381 gold pieces.

Inventory:

Hand Weapons
 n - a +2 whip of freezing
 H - a +9 flail of holy wrath (weapon)
Missiles
 a - 147 arrows
 G - 4 javelins (quivered)
Jewellery
 h - a cursed ring of teleportation {unknown}
 j - a +3 amulet of reflection (around mantle)
 D - a cursed ring of loudness (left tentacle)
 I - an uncursed amulet of magic regeneration
Wands
 y - a wand of digging (24/24)
 z - a wand of disintegration (18/24)
Scrolls
 d - 4 scrolls of remove curse
 f - a scroll of amnesia
 g - 2 scrolls of teleportation
 i - 4 scrolls of enchant armour
 o - 2 scrolls of enchant weapon
 p - 5 scrolls of magic mapping
 B - a scroll of recharging
Potions
 e - a potion of brilliance {unknown}
 l - a potion of resistance
 m - a potion of agility
 q - 2 potions of haste
 r - a potion of cancellation {unknown}
 t - a potion of magic
 w - a potion of flight
 C - a potion of ambrosia
Books
 b - a book of Changes

   Spells                             Type                      Level
   a - Beastly Appendage              Transmutation                1
   b - Sticks to Snakes               Transmutation                2
   c - Spider Form                    Transmutation/Poison         3
   d - Ice Form                       Ice/Transmutation            4
   e - Blade Hands                    Transmutation                5
 E - Yfiennim's Disquisition on Freezing Enchantment
   (You found it on level 4 of the Dungeon)

   Spells                             Type                      Level
   a - Ensorcelled Hibernation        Hexes/Ice                    2
   b - Dazzling Spray                 Conjuration/Hexes            3
   c - Summon Guardian Golem          Hexes/Summoning              3
   d - Throw Icicle                   Conjuration/Ice              4
   e - Fulminant Prism                Conjuration/Hexes            4
   f - Cause Fear                     Hexes                        4
Comestibles
 c - 7 bread rations
 k - 5 chunks of flesh
 s - 3 fruits


   Skills:
 + Level 5.8 Fighting
 + Level 4.6 Maces & Flails
 + Level 5.9 Dodging
 - Level 0.4 Stealth
 - Level 5.1 Unarmed Combat
 - Level 3.9 Spellcasting
 - Level 4.1 Transmutations
 - Level 3.8 Ice Magic


You had 7 spell levels left.
You knew the following spells:

 Your Spells              Type           Power        Failure   Level  Hunger
c - Ice Form              Ice/Trmt       ##......     45%         4    ####...
q - Beastly Appendage     Trmt           ##....       3%          1    None
v - Spider Form           Trmt/Pois      #.........   24%         3    ###....


Dungeon Overview and Level Annotations

Branches:
Dungeon (6/15)             Temple (1/1) D:5

Altars:
Ashenzari
Dithmenos
Elyvilon
Fedhas
Gozag
Kikubaaqudgha
Makhleb
Nemelex Xobeh
Okawaru
Pakellas
Ru
Trog
Vehumet
Yredelemnul
Zin


Innate Abilities, Weirdness & Mutations

You cannot wear most types of armour.
You are amphibious.
You can wear up to eight rings at the same time.
You can use your tentacles to constrict eight enemies at once.
Your skin changes colour to match your surroundings (Stealth).
Your rubbery body absorbs attacks (AC +1).
Your body sometimes deteriorates upon taking damage.
You are dopey. (Int -2)


Message History

The orc warrior is moderately wounded.
The orc warrior hits you with a short sword!
You hit the orc warrior. You grab the orc warrior.
The orc warrior is moderately wounded.
You constrict the orc warrior, but do no damage.
The orc warrior hits you with a short sword!
The orc priest calls upon Beogh to heal the orc warrior.
The orc warrior is healed somewhat.
You hit the orc warrior.
The orc warrior is moderately wounded.
You constrict the orc warrior, but do no damage.
The orc warrior hits you with a short sword!
Your body deteriorates!
You feel dopey.
You thump the orc warrior!
The orc warrior is severely wounded.
You constrict the orc warrior, but do no damage.
The orc warrior barely misses you.
The orc priest miscasts a cantrip.
The orc warrior hits you with a short sword!!
You die...

#.. #. # ..#
#..####.####.. #..##
.####.oo.o...#.... ..#.
....... #.....# ##...
....... #...#.# .. ....
#......###o.## # #.. #..
#.#..## .###.. #..
##..o# ..#.. ##. ##.@#
#..# ##. ..###...#
##..## #..
........####....### #..
.#####............####.)
###..###.####.....) #.##
#.## ####..# ### ##.#
#.### #.#####.#
#...##..#


You could see an orc warrior, an orc priest and an orc (wandering).

Vanquished Creatures
  Pikel (D:5)
  Sigmund (D:5)
  Edmund (D:5)
  Purgy (Sewer)
  An ice beast (D:6)
  A slave (D:5)
  The ghost of ThereIsNoGod the Chopper, an amateur MiGl (D:4)
  2 phantoms (D:6)
  2 ogres
  A centaur (D:6)
  Blork the orc (D:5)
  A giant frog (D:6)
  A scorpion (D:4)
  A crimson imp (D:6)
  A centaur zombie (D:5)
  3 hounds
  2 orc priests
  2 orc wizards (D:5)
  2 centaur skeletons
  An iguana (D:6)
  5 worker ants
  A hound skeleton (D:6)
  A howler monkey zombie (D:5)
  4 gnolls
  8 adders
  2 oozes
  3 adder skeletons
  A worm (D:2)
  A dart slug (D:5)
  A giant gecko (D:2)
  14 orcs
  6 bats
  7 giant cockroaches
  9 goblins
  11 hobgoblins
  11 jackals
  4 quokkas
  2 ball pythons (Sewer)
  A giant gecko skeleton (D:6)
  6 giant newts
  12 kobolds
  A quokka skeleton (D:6)
  8 rats
146 creatures vanquished.

Notes
Turn   | Place    | Note
--------------------------------------------------------------
     0 | D:1      | Joat the Octopode Transmuter began the quest for the Orb.
     0 | D:1      | Reached XP level 1. HP: 13/13 MP: 3/3
   245 | D:1      | Reached XP level 2. HP: 16/18 MP: 5/5
   955 | D:2      | Reached XP level 3. HP: 17/23 MP: 4/6
  1269 | D:2      | Reached XP level 4. HP: 13/28 MP: 5/7
  1299 | D:2      | Learned a level 4 spell: Ice Form
  2065 | D:2      | Reached skill level 1 in Ice Magic
  2419 | D:3      | Reached XP level 5. HP: 20/34 MP: 5/8
  2536 | D:3      | Found a glowing drain.
  2541 | Sewer    | Entered a sewer
  2816 | Sewer    | Noticed Purgy
  3438 | Sewer    | Learned a level 3 spell: Spider Form
  3534 | Sewer    | Killed Purgy
  3534 | Sewer    | Reached XP level 6. HP: 29/41 MP: 6/9
  4141 | D:4      | Found a radiant altar of Vehumet.
  4160 | D:4      | Found a shadowy altar of Dithmenos.
  4465 | D:4      | Found a white marble altar of Elyvilon.
  4521 | D:4      | Identified Yfiennim's Disquisition on Freezing Enchantment
  4761 | D:4      | Noticed ThereIsNoGod's ghost (amateur MiGl)
  4772 | D:4      | Killed ThereIsNoGod's ghost
  4772 | D:4      | Reached XP level 7. HP: 46/46 MP: 10/10
  4933 | D:5      | Entered Level 5 of the Dungeon
  5137 | D:5      | Noticed Sigmund
  5153 | D:5      | Killed Sigmund
  5237 | D:5      | Noticed Blork the orc
  5759 | D:5      | Reached XP level 8. HP: 35/54 MP: 8/12
  5873 | D:5      | Killed Blork the orc
  5887 | D:5      | Found a staircase to the Ecumenical Temple.
  5897 | Temple   | Entered the Ecumenical Temple
  6359 | D:4      | Became a worshipper of Vehumet
  6477 | D:5      | Found a burning altar of Makhleb.
  6480 | D:5      | Reached skill level 5 in Unarmed Combat
  6481 | D:5      | Noticed Edmund
  6499 | D:5      | Killed Edmund
  6739 | D:5      | Noticed Pikel
  6757 | D:5      | Gained mutation: You are dopey. (Int -2) [potion of mutation]
  6757 | D:5      | Gained mutation: Your body sometimes deteriorates upon taking damage. [potion of mutation]
  7090 | D:5      | Killed Pikel
  7090 | D:5      | Reached skill level 5 in Dodging
  7395 | D:6      | Reached XP level 9. HP: 25/60 MP: 14/14
  7401 | D:6      | Reached skill level 5 in Fighting
  8362 | D:6      | Found a sparkling altar of Nemelex Xobeh.
  8434 | D:6      | Reached * piety under Vehumet
  8434 | D:6      | Offered knowledge of Magic Dart by Vehumet.
  8779 | D:6      | Slain by an orc warrior

Skill      XL: |  1  2  3  4  5  6  7  8  9 |
---------------+----------------------------+-----
Fighting       | 2 3 4 5 |  5.8
Ice Magic      | 1 2 3 |  3.8
Dodging        | 3 4 5 |  5.9
Unarmed Combat | 4 5 |  5.1
Transmutations | 3 4 |  4.1
Spellcasting   | 3 |  3.9
Maces & Flails | 3 4 |  4.6
Stealth        | |  0.4

Action                   |  1- 3 |  4- 6 |  7- 9 || total
-------------------------+-------+-------+-------++-------
Melee: Unarmed           |    64 |    74 |    41 ||   179
       Constrict         |    15 |    39 |    23 ||    77
       Tentacles         |    11 |    22 |    18 ||    51
       Punch             |     3 |     7 |     4 ||    14
       Kick              |     4 |    29 |    14 ||    47
       Whip              |       |    91 |    40 ||   131
       Flail             |       |       |    92 ||    92
 Cast: Beastly Appendage |     6 |    24 |     8 ||    38
       Spider Form       |       |     1 |     5 ||     6
  Use: Scroll            |       |     7 |    16 ||    23
       Potion            |       |     4 |     3 ||     7
 Stab: Sleeping          |     9 |     5 |     2 ||    16
  Eat: Chunk             |     1 |     7 |     4 ||    12
       Meat ration       |       |     1 |     2 ||     3
       Pizza             |       |       |     1 ||     1
Armor: Skin              |     3 |    11 |     6 ||    20
Dodge: Dodged            |    17 |   104 |    91 ||   212
Block: Other             |     3 |    29 |    17 ||    49
       Reflection        |       |     1 |       ||     1
